 Dungeon Crawl Stone Soup version 0.26-a0-648-g87339cca5e (webtiles) character file.

Game seed: 6546910520431059025

7809 knot the Cleaver (level 11, 58/75 HPs)
             Began as a Demonspawn Berserker on Sept 26, 2020.
             Was a High Priest of Trog.
             Quit the game on level 9 of the Dungeon.
             The game lasted 00:27:57 (12670 turns).

knot the Cleaver (Demonspawn Berserker)            Turns: 12670, Time: 00:27:58

Health: 58/75      AC:  9    Str: 18    XL:     11   Next: 1%
Magic:  11/11      EV: 14    Int: 17    God:    Trog [*****.]
Gold:   405        SH:  0    Dex: 13    Spells: 10/10 levels left

rFire    + + .     SeeInvis .   F - +4 battleaxe
rCold    . . .     Faith    .   (shield currently unavailable)
rNeg     . . .     Spirit   .   k - +2 ring mail {rF+}
rPois    .         Reflect  .   (helmet restricted)
rElec    .         Harm     .   r - +0 cloak
rCorr    +         Rampage  .   (no gloves)
MR       .....                  p - +0 pair of boots
Stlth    +.........             (no amulet)
HPRegen  3.22/turn              x - ring of resist corrosion
MPRegen  0.12/turn              z - +6 ring of intelligence

@: studying Dodging
A: antennae 2, fire resistance 1, powered by death 3, sanguine armour 2
a: Berserk, Trog's Hand, Brothers in Arms, Renounce Religion


You were on level 9 of the Dungeon.
You worshipped Trog.
Trog was extremely pleased with you.
You visited 2 branches of the dungeon, and saw 10 of its levels.
You also visited: Ossuary.

You collected 542 gold pieces.
You spent 137 gold pieces at shops.

Inventory:

Hand Weapons
 b - a +5 hand axe of freezing
 F - a +4 battleaxe (weapon)
 L - the +8 quarterstaff of the Head {flame, *Rage +Fly Str+7}
   (You took it off an orc on level 7 of the Dungeon)

   It has been specially enchanted to burn those struck by it, causing extra
   injury to most foes and up to half again as much damage against particularly
   susceptible opponents.
   It affects your strength (+7).
   It lets you fly.
   It may make you go berserk in combat.
Missiles
 t - 9 javelins
 v - 7 atropa-tipped darts
 w - 5 silver boomerangs
 y - 3 boomerangs
 G - 35 poisoned darts (quivered)
 J - a throwing net
Armour
 k - a +2 ring mail of fire resistance (worn)
 p - a +0 pair of boots (worn)
 r - a +0 cloak (worn)
Magical Staves
 n - an uncursed staff of cold {unknown}
Jewellery
 f - an uncursed ring of fire
 x - a ring of resist corrosion (left hand)
 z - a +6 ring of intelligence (right hand)
Wands
 j - a wand of random effects (17)
 H - a wand of disintegration (11)
Scrolls
 a - 6 scrolls of remove curse
 d - 5 scrolls of fog
 g - 2 scrolls of teleportation
 h - 2 scrolls of blinking
 s - a scroll of noise {unknown}
 D - a scroll of enchant weapon
 K - a scroll of magic mapping
Potions
 c - 4 potions of lignification {unknown}
 e - 2 potions of cancellation {unknown}
 i - 5 potions of heal wounds
 l - 8 potions of curing {unknown}
 m - 6 potions of stabbing {unknown}
 o - 3 potions of brilliance
 q - 4 potions of might
 u - 4 potions of haste
 A - 2 potions of flight
 I - 3 potions of magic {unknown}
 M - a potion of berserk rage
 N - a potion of invisibility {unknown}
Books
 C - a manual of Dodging


   Skills:
 - Level 3.0 Fighting
 * Level 13.8 Axes
 * Level 5.0 Throwing
 - Level 1.7 Armour
 * Level 5.9 Dodging


You had 10 spell levels left.
You didn't know any spells.
Your spell library contained the following spells:

 Spells                   Type           Power        Failure   Level
 Confusing Touch          Hex            #.......     77%         3
 Gell's Gravitas          Tloc           #.........   77%         3
 Petrify                  Tmut/Erth      #.......     99%         4
 Metabolic Englaciation   Hex/Ice        #.........   100%        5
 Yara's Violent Unravell  Hex/Tmut       #.........   100%        5


Dungeon Overview and Level Annotations

Branches:
Dungeon (9/15)             Temple (1/1) D:5         Ossuary (visited)
   Lair: D:8-11         Orc: D:9-12

Altars:
Ashenzari
Cheibriados
Dithmenos
Elyvilon
Fedhas
Gozag
Hepliaklqana
Kikubaaqudgha
Makhleb
Nemelex Xobeh
Okawaru
Qazlal
Ru
Sif Muna
Trog
Uskayaw
Vehumet
Wu Jian
Xom
Yredelemnul
Zin
The Shining One
Beogh
Lugonu

Shops:
D:6 *


Innate Abilities, Weirdness & Mutations

You have a pair of antennae on your head.
Your flesh is heat resistant. (rF+)
You regenerate a lot of health from kills.
When seriously injured, your bleeding wounds create thick armour. (AC +0)


Message History

Aim: a yak (heavily wounded, very poisoned)
You throw a poisoned dart. The poisoned dart hits the yak!
The yak looks as sick as possible!
The yak is heavily wounded.
The yak gores you!
You hit the yak.
The yak is heavily wounded.
The yak closely misses you.
You hit the yak.
The yak is almost dead.
The yak barely misses you.
You hit the yak.
The yak is almost dead.
You kill the yak!
Trog accepts your kill.
Your Throwing skill increases to level 5!
You have reached level 11!
Your demonic ancestry asserts itself...
You feel resistant to heat.
Are you sure you want to abandon this character and quit the game? (Confirm with "yes".)

.............................†...
####.##########.##########.#####.
# #.# #.# #. #.# #.# #. #.# #.#
#. ######.##########.#####.
........................
######.#########.#####. #@# #.#
#. #D# #.# #. #.# #.# #. #Y# #.#
#. #Y# #.# #.


.YY .. .. ####( Y# # You could see 3 yaks, an acid dragon and an ice beast.

Vanquished Creatures
  A two-headed ogre (D:9)
  Pikel (D:7)
  Grinder (D:6)
  Sigmund (D:4)
  5 yaks
  Eustachio (D:6)
  2 ice beasts
  2 orc warriors (D:6)
  2 black bears (D:9)
  A phantom (D:6)
  4 ogres
  5 centaurs
  A lemure (D:7)
  2 big kobolds (D:7)
  7 bullfrogs
  2 water moccasin zombies (Ossuary)
  3 scorpions
  4 killer bees
  4 wights (D:7)
  A howler monkey (D:6)
  A bullfrog zombie (D:5)
  A centaur zombie (D:7)
  Crazy Yiuf (D:3)
  3 jellies
  7 orc wizards
  A centaur skeleton (D:4)
  6 orc priests
  A hound (D:5)
  Jessica (D:2)
  2 bullfrog skeletons
  5 iguanas
  Ijyb (D:3)
  9 worker ants
  A big kobold zombie (Ossuary)
  A hound skeleton (D:5)
  3 mummies
  7 gnolls (D:5)
  16 adders
  2 ufetubi (D:5)
  2 oozes
  An adder skeleton (D:6)
  9 adder zombies (Ossuary)
  4 worms
  3 dart slugs
  2 leopard geckos
  50 orcs
  12 giant cockroaches
  5 gnoll zombies (Ossuary)
  12 hobgoblins
  8 jackals
  6 quokkas
  3 ball pythons
  5 bats
  A frilled lizard (D:5)
  6 goblins
  2 hobgoblin zombies (Ossuary)
  A jackal skeleton (D:5)
  21 kobolds
  4 kobold zombies (Ossuary)
  2 orc zombies (Ossuary)
  A quokka skeleton (D:6)
  10 rats
289 creatures vanquished.

Vanquished Creatures (collateral kills)
  2 two-headed ogres (D:9)
  The ghost of HellBreezer the Chopper, a novice HOFi (D:6)
  3 yaks (D:6)
  An orc warrior (D:6)
  A phantom (D:9)
  An orc wizard (D:9)
9 creatures vanquished.

Vanquished Creatures (others)
  2 withered plants (D:3)
2 creatures vanquished.

Grand Total: 300 creatures vanquished

Notes
Turn   | Place    | Note
-------+----------+-------------------------------------------
     0 | D:1      | knot the Demonspawn Berserker began the quest for the Orb.
     0 | D:1      | Reached XP level 1. HP: 18/18 MP: 1/1
    15 | D:1      | Reached skill level 3 in Axes
   207 | D:1      | Gained mutation: You regenerate a little health from kills.
                  | [demonic ancestry]
   207 | D:1      | Reached XP level 2. HP: 19/24 MP: 2/2
   635 | D:1      | Gained mutation: You have a pair of small antennae on your
                  | head. [demonic ancestry]
   635 | D:1      | Reached XP level 3. HP: 23/29 MP: 3/3
   981 | D:1      | Reached skill level 4 in Axes
  1206 | D:2      | Reached ** piety under Trog
  1475 | D:2      | Reached XP level 4. HP: 35/35 MP: 4/4
  1667 | D:2      | Noticed Jessica
  1675 | D:2      | Killed Jessica
  2018 | D:2      | Reached skill level 5 in Axes
  2757 | D:3      | Found a runed translucent door.
  2758 | D:3      | Noticed Crazy Yiuf
  2784 | D:3      | Found an ancient bone altar of Kikubaaqudgha.
  2825 | D:2      | Gained mutation: You have a pair of antennae on your head.
                  | [demonic ancestry]
  2825 | D:2      | Reached XP level 5. HP: 33/41 MP: 5/5
  3449 | D:3      | Found a white marble altar of Elyvilon.
  3461 | D:3      | Reached *** piety under Trog
  3529 | D:3      | Noticed Ijyb
  3570 | D:3      | Killed Ijyb
  3570 | D:3      | Reached skill level 6 in Axes
  3620 | D:3      | Gained mutation: When seriously injured, your bleeding
                  | wounds create armour. (AC +0) [demonic ancestry]
  3620 | D:3      | Reached XP level 6. HP: 44/47 MP: 6/6
  3957 | D:3      | You fall into a shaft and drop 3 floors!
  4031 | D:6      | Noticed Eustachio
  4054 | D:6      | Killed Eustachio
  4054 | D:6      | Reached skill level 7 in Axes
  4054 | D:6      | Reached skill level 1 in Throwing
  4069 | D:6      | Gained mutation: You regenerate health from kills. [demonic
                  | ancestry]
  4069 | D:6      | Reached XP level 7. HP: 27/52 MP: 7/7
  4228 | D:6      | Found Buotro's Assorted Antiques.
  4465 | D:5      | Entered Level 5 of the Dungeon
  4465 | D:5      | Found a shadowy altar of Dithmenos.
  4465 | D:5      | Found a blossoming altar of Fedhas.
  4587 | D:4      | Reached skill level 8 in Axes
  4734 | D:3      | Found a stormy altar of Qazlal.
  4828 | D:3      | Killed Crazy Yiuf
  5211 | D:4      | Found an ornate altar of the Wu Jian Council.
  5237 | D:4      | Reached XP level 8. HP: 58/58 MP: 8/8
  5526 | D:4      | Noticed Sigmund
  5611 | D:4      | Killed Sigmund
  5611 | D:4      | Reached skill level 9 in Axes
  5874 | D:5      | Found a staircase to the Ecumenical Temple.
  5888 | Temple   | Entered the Ecumenical Temple
  6408 | D:5      | Found a glowing silver altar of Zin.
  6408 | D:5      | Noticed an angel
  6783 | D:5      | Reached skill level 10 in Axes
  6943 | D:6      | Bought a scroll labeled DOETUL SONU for 28 gold pieces
  6943 | D:6      | Bought a brown potion for 25 gold pieces
  6943 | D:6      | Bought a scroll labeled IVUDWU IWKA for 28 gold pieces
  6943 | D:6      | Bought a scroll labeled UKKEOVUEMU for 28 gold pieces
  6943 | D:6      | Bought a scroll labeled HIORHI ZARRAIT for 28 gold pieces
  6946 | D:6      | Acquired a manual of Dodging
  6969 | D:6      | Reached **** piety under Trog
  7075 | D:6      | Found a large runed translucent door.
  7076 | D:6      | Found a large runed translucent door.
  7076 | D:6      | Noticed HellBreezer's ghost (novice HOFi)
  7430 | D:6      | Gained mutation: When seriously injured, your bleeding
                  | wounds create thick armour. (AC +0) [demonic ancestry]
  7430 | D:6      | Reached XP level 9. HP: 58/63 MP: 9/9
  7715 | D:6      | Noticed Grinder
  7739 | D:6      | Killed Grinder
  7940 | D:6      | Found a runed translucent door.
  8073 | D:6      | Reached skill level 11 in Axes
  8698 | D:6      | Found a roughly hewn altar of Beogh.
  8856 | D:6      | Killed HellBreezer's ghost
  8856 | D:6      | Reached skill level 12 in Axes
  9041 | D:7      | Gained mutation: You regenerate a lot of health from kills.
                  | [demonic ancestry]
  9041 | D:7      | Reached XP level 10. HP: 41/70 MP: 10/10
  9604 | D:7      | Found an ancient bone altar of Kikubaaqudgha.
  9630 | D:7      | Noticed Pikel
  9655 | D:7      | Killed Pikel
 10004 | D:7      | Identified the +8 quarterstaff of the Head {flame, *Rage
                  | +Fly Str+7}
 10182 | D:7      | Found a shimmering blue altar of Sif Muna.
 10186 | D:7      | Found a basalt altar of Yredelemnul.
 10186 | D:7      | Found a hazy altar of Hepliaklqana.
 10199 | D:7      | Found a shimmering altar of Xom.
 10202 | D:7      | Found a snail-covered altar of Cheibriados.
 10454 | D:7      | Reached skill level 5 in Dodging
 10725 | D:8      | Found a sand-covered staircase.
 10735 | Ossuary  | Entered an ossuary
 10899 | Ossuary  | Reached ***** piety under Trog
 11519 | D:8      | Reached skill level 13 in Axes
 11696 | D:8      | Found an opulent altar of Gozag.
 12045 | D:9      | Noticed a two-headed ogre
 12047 | D:9      | Noticed a two-headed ogre
 12057 | D:9      | Killed a two-headed ogre
 12063 | D:9      | Killed a two-headed ogre
 12437 | D:9      | Found a bloodstained altar of Trog.
 12529 | D:9      | Noticed a two-headed ogre
 12543 | D:9      | Killed a two-headed ogre
 12669 | D:9      | Reached skill level 5 in Throwing
 12669 | D:9      | Gained mutation: Your flesh is heat resistant. (rF+)
                  | [demonic ancestry]
 12669 | D:9      | Reached XP level 11. HP: 58/75 MP: 11/11
 12670 | D:9      | Quit the game

Illustrated notes

Levels and vault maps discovered:
D:1:      dpeg_chamrin_arrival_tetris, layout_loops_cross,
          minmay_misc_feat_columns
D:2:      layout_loops_cross, st_stairs_14, uniq_jessica
D:3:      layout_rooms, kiku_gazebo_garden_becter,
          nicolae_qazlal_general_emergency, lemuel_crystal_altar,
          uniq_crazy_yiuf_cottage, uniq_ijyb
D:4:      layout_cave_pools, kennysheep_mini, uniq_sigmund
D:5:      minmay_razor_zed, layout_rooms, zin_angel, lemuel_crystal_altar,
          fedhas_altar_1, minmay_temple_entry_glassed_door, kennysheep_potato
D:6:      layout_loops_ring, serial_shops, shop, ebering_ghost_disaster_area,
          lightli_church_of_beogh, uniq_grinder, uniq_eustachio
D:7:      layout_loops_ring, minmay_overflow_temple_star_hex, basic_altar,
          uniq_pikel
D:8:      layout_gridville, gup_ossuary_entry_pyramid, grunt_gozag_statues
D:9:      layout_small_grid, trog_ov_bears_minmay, serial_shops, shop_fountains,
          cheibriados_altar_1
Temple:   corrupted_temple

Skill      XL: |  1  2  3  4  5  6  7  8  9 10 |
---------------+-------------------------------+-----
Axes           | 3 4 5 6 7 8 10 12 13 | 13.8
Throwing       | 1 2 3 5 |  5.0
Dodging        | 2 4 5 |  5.9
Fighting       | |  3.0
Armour         | |  1.7

Action                   |  1- 3 |  4- 6 |  7- 9 | 10-12 || total
-------------------------+-------+-------+-------+-------++-------
Melee: Hand axe          |   105 |   175 |   407 |       ||   687
       Club              |       |    20 |       |       ||    20
       Battleaxe         |       |       |     7 |   229 ||   236
Throw: Boomerang         |       |       |    17 |       ||    17
       Dart              |       |       |     3 |    46 ||    49
       Javelin           |       |       |     7 |       ||     7
       Throwing net      |       |       |     1 |       ||     1
Invok: Berserk           |     5 |    10 |    11 |     4 ||    30
       Trog's Hand       |       |     3 |     7 |       ||    10
       Brothers in Arms  |       |       |     3 |     1 ||     4
  Use: Scroll            |       |       |    13 |     7 ||    20
 Stab: Sleeping          |     3 |       |     1 |       ||     4
       Invisible         |       |       |     4 |       ||     4
       Held in net/web   |       |       |     1 |       ||     1
Armor: Animal skin       |    20 |    10 |       |       ||    30
       Ring mail         |       |    35 |       |    11 ||    46
       Leather armour    |       |       |    85 |    48 ||   133
Dodge: Dodged            |    67 |   125 |   198 |   168 ||   558

Table legend: (Time is in decaauts)
 A = Elapsed time spent in this place.
 B = Non-inter-level travel time spent in this place.
 C = Inter-level travel time spent in this place.
 D = Time resting spent in this place.
 E = Time spent auto-exploring this place.
 F = Levels seen in this place.
 G = Mean time per level.
                   A        B        C        D        E       F      G
               +--------+--------+--------+--------+--------+-----+--------+
         Total |  12889 |  12385 |    504 |   4190 |   5785 |  11 | 1171.7 |
       Dungeon |  12468 |  11976 |    492 |   4190 |   5477 |   9 | 1385.3 |
        Temple |     41 |     29 |     12 |      0 |     29 |   1 |   41.0 |
       Ossuary |    379 |    379 |      0 |      0 |    279 |   1 |  379.0 |
               +--------+--------+--------+--------+--------+-----+--------+

Top non-repeatable levels by time:
     D:6: 3048 daAuts
     D:2: 1669 daAuts
     D:3: 1360 daAuts
     D:1: 1359 daAuts
     D:5: 1247 daAuts
     D:7: 1232 daAuts
     D:8: 1157 daAuts
     D:4: 940 daAuts
     D:9: 452 daAuts
 Ossuary: 379 daAuts
  Temple: 41 daAuts
